 Dungeon Crawl Stone Soup version 0.29.0-11-gd7f09526c8 (webtiles) character file.

Game seed: 5920339994083035309

77 firemarshallily the Slasher (level 4, -4/31 HPs)
             Began as a Demonspawn Chaos Knight on Sept 4, 2022.
             Was a Plaything of Xom.
             Slain by Crazy Yiuf
             ... wielding a +2 quarterstaff of chaos
              (11 damage)
             ... on level 2 of the Dungeon.
             The game lasted 00:07:33 (2201 turns).

firemarshallily the Slasher (DsCK)                  Turns: 2201, Time: 00:07:33

Health: -4/31      AC:  7    Str:  9 (10) XL:     4   Next: 14%
Magic:  4/4        EV: 11    Int: 13      God:    Xom [......]
Gold:   85         SH:  0    Dex: 15      Spells: 3/3 levels left

rFire   . . .      SeeInvis .   a - +0 falchion (chaos)
rCold   . . .      Faith    .   (no shield)
rNeg    . . .      Spirit   .   b - +2 leather armour
rPois   +          Reflect  .   n - +1 helmet
rElec   .          Harm     .   (no cloak)
rCorr   .          Rampage  .   (no gloves)
Will    .....                   (no boots)
Stlth   +.........              (no amulet)
HPRegen 0.10/turn               g - ring of poison resistance
MPRegen 0.09/turn               (no ring)

@: unable to read
A: ignite blood 1, frail 1, poison resistance, weak 1, inability to read after
injury 1
a: Renounce Religion


You were on level 2 of the Dungeon.
You worshipped Xom.
You were a very special plaything of Xom.
You visited 1 branch of the dungeon, and saw 2 of its levels.

You collected 85 gold pieces.

Inventory:

Hand Weapons
 a - a +0 falchion of chaos (weapon)
 k - a +2 vorpal falchion
Missiles
 m - 6 boomerangs
Armour
 b - a +2 leather armour (worn)
 n - a +1 helmet (worn)
Jewellery
 g - a ring of poison resistance (left hand)
Wands
 o - a wand of polymorph (13)
Scrolls
 e - a scroll of fear {unknown}
 i - a scroll of identify {unknown}
 j - a scroll of vulnerability {unknown}
 l - a scroll of enchant armour {unknown}
Potions
 d - a potion of heal wounds {unknown}
 f - a potion of curing {unknown}
 h - a potion of brilliance {unknown}
 p - a potion of resistance {unknown}
Miscellaneous
 c - a piece from Xom's chessboard (3/15) (quivered)


   Skills:
 + Level 3.5 Fighting
 * Level 3.7 Long Blades
 + Level 2.5 Armour
 - Level 0.8 Dodging


You had 3 spell levels left.
You didn't know any spells.
Your spell library was empty.

Dungeon Overview and Level Annotations

Branches:
Dungeon (2/15)

Altars:
Xom

Annotations:
D:2 Crazy Yiuf


Innate Abilities, Weirdness & Mutations

Your demonic aura sometimes causes spilled blood to erupt in flames.
You are frail. (-10% HP)
Your system is resistant to poisons. (rPois)
You are weak. (Str -2)
You occasionally lose the ability to read scrolls when taking damage.


Message History

You are now a special plaything of Xom. "Catch!"
Something appears at your feet!
You see here a +0 plate armour. "You need some minor improvements, mortal!"
Your body is suffused with distortional energy.
You feel frail.
You feel resistant to poisons. "You need some minor improvements, mortal!"
Your body is suffused with distortional energy.
You feel weaker.
You occasionally lose the ability to read scrolls when taking damage.
You are now a very special plaything of Xom.
HP restored.
There is an open door here.
There is an open door here.
Found a hammer.
Found a runed translucent door.
Crazy Yiuf shouts!
Crazy Yiuf laughs, "Action shrimp sanguine!"
You open the door. You hit Crazy Yiuf.
Crazy Yiuf is poisoned.
Crazy Yiuf is moderately wounded.
Crazy Yiuf barely misses you.
You hit Crazy Yiuf. You burn Crazy Yiuf.
Crazy Yiuf is moderately wounded.
Crazy Yiuf glowers.
Crazy Yiuf hits you with a +2 quarterstaff of chaos!
You barely miss Crazy Yiuf.
Crazy Yiuf is moderately wounded.
Crazy Yiuf hits you with a +2 quarterstaff of chaos.
Crazy Yiuf freezes you.
You hit Crazy Yiuf but do no damage.
Crazy Yiuf is heavily wounded.
Crazy Yiuf hits you with a +2 quarterstaff of chaos!
* * * LOW HITPOINT WARNING * * *
Crazy Yiuf burns you.
* * * LOW HITPOINT WARNING * * *
You hit Crazy Yiuf.
You feel better.
Crazy Yiuf is almost dead.
Crazy Yiuf hits you with a +2 quarterstaff of chaos!
You feel threatened and lose the ability to read scrolls!
You die...

### #.. ### #.# #####
#.########.# #..)#
#.......##.# #...#
#...#....... ...
#..##..>##.# #g#
#.########.. ##@# #.#
#... #.## #.# #.## ##.#
#'## #.## #.## #..## #.##
##.## #...## #.## #...##
#....## #.#. #....#
#.....###... #....#
#.....'.....
#######..#####.....####..


You could see Crazy Yiuf (very poisoned).

Vanquished Creatures
  2 adders (D:2)
  4 ball pythons
  A bat (D:1)
  3 endoplasms
  5 giant cockroaches
  10 goblins
  2 hobgoblins
  4 jackals (D:1)
  2 kobolds
  2 quokkas (D:1)
  A frilled lizard (D:1)
  A rat (D:1)
37 creatures vanquished.

Vanquished Creatures (collateral kills)
  Robin (D:2)
  2 hobgoblins (D:2)
3 creatures vanquished.

Vanquished Creatures (others)
  2 plants (D:2)
2 creatures vanquished.

Grand Total: 42 creatures vanquished

Notes
Turn   | Place    | Note
-------+----------+-------------------------------------------
     0 | D:1      | firemarshallily the Demonspawn Chaos Knight began the quest
                  | for the Orb.
     0 | D:1      | Reached XP level 1. HP: 18/18 MP: 1/1
   262 | D:1      | Gained mutation: Your demonic aura sometimes causes spilled
                  | blood to erupt in flames. [demonic ancestry]
   262 | D:1      | Reached XP level 2. HP: 22/24 MP: 2/2
   428 | D:1      | Found a faded altar of an unknown god.
   495 | D:1      | XOM: silly message
   934 | D:1      | XOM: silly message
  1120 | D:2      | XOM: summons 2 hostile demons
  1121 | D:2      | Noticed a crimson imp
  1121 | D:2      | Noticed an ice devil
  1156 | D:2      | Found a shimmering altar of Xom.
  1213 | D:2      | Reached XP level 3. HP: 29/29 MP: 3/3
  1318 | D:2      | Noticed Robin
  1338 | D:2      | XOM: scenery: summon butterflies
  1344 | D:2      | Killed Robin
  1361 | D:2      | XOM: noise
  1463 | D:2      | XOM: 6-stop teleportation journey
  1467 | D:2      | Reached XP level 4. HP: 13/35 MP: 4/4
  1885 | D:2      | XOM: summons 3 hostile demons
  1905 | D:2      | XOM: stat loss: -1 Str (11/12)
  2110 | D:2      | XOM: god gift: plate armour {god gift}
  2118 | D:2      | XOM: give mutations
  2118 | D:2      | Gained mutation: You are frail. (-10% HP) [Xom's mischief]
  2118 | D:2      | Gained mutation: Your system is resistant to poisons.
                  | (rPois) [Xom's mischief]
  2130 | D:2      | XOM: give mutations
  2130 | D:2      | Gained mutation: You are weak. (Str -2) [Xom's mischief]
  2130 | D:2      | Gained mutation: You occasionally lose the ability to read
                  | scrolls when taking damage. [Xom's mischief]
  2192 | D:2      | Found a runed translucent door.
  2193 | D:2      | Noticed Crazy Yiuf
  2201 | D:2      | Slain by Crazy Yiuf

Illustrated notes

Levels and vault maps discovered:
D:1:      psy_arrival_basics, layout_basic, basic_ecumenical_altar,
          minmay_misc_feat_x
D:2:      cheibrodos_old_hovel, layout_loops_corners, basic_altar, uniq_robin,
          uniq_crazy_yiuf_cottage

Skill      XL: |  1 |
---------------+----+-----
Long Blades    | 3 |  3.7
Armour         | 2 |  2.5
Fighting       | |  3.5
Dodging        | |  0.8

Action                   |  1- 3 |  4- 6 || total
-------------------------+-------+-------++-------
Melee: Falchion          |    94 |    28 ||   122
Evoke: Piece from Xom's  |    14 |     1 ||    15
 Stab: Sleeping          |     1 |       ||     1
       Distracted        |     1 |       ||     1
Armor: Leather armour    |    40 |    17 ||    57
Dodge: Dodged            |    57 |    28 ||    85
